 Dungeon Crawl Stone Soup version 0.25.1-9-gc5326a611f (webtiles) character file.

Game seed: 8583830403051604446

7203 Nolbo the Schismatic (level 11, -6/95 (96) HPs)
             Began as a Formicid Abyssal Knight on Dec 28, 2020.
             Was an Elder of Lugonu.
             Mangled by a yak (9 damage)
             ... on level 10 of the Dungeon.
             The game lasted 00:18:06 (11701 turns).

Nolbo the Schismatic (Formicid Abyssal Knight)     Turns: 11701, Time: 00:18:07

HP:   -6/95 (96)    AC: 11    Str: 20    XL:     11   Next: 32%
MP:   20/20         EV: 10    Int: 12    God:    Lugonu [****..]
Gold: 461           SH:  5    Dex: 16    Spells: 10/10 levels left

rFire    . . .     SeeInvis +   g - +0 hand axe (venom)
rCold    . . .     Gourm    .   K - +0 buckler
rNeg     . . .     Faith    .   u - +0 scale mail (curse)
rPois    .         Spirit   .   (helmet unavailable)
rElec    .         Reflect  .   w - +0 cloak
rCorr    .         Harm     .   a - +0 pair of gloves
MR       +....                  m - +0 pair of boots
Stlth    ..........             (no amulet)
HPRegen  0.25/turn              d - +6 ring of dexterity
MPRegen  0.17/turn              B - +4 ring of slaying

@: no status effects
A: permanent stasis, dig shafts and tunnels, four strong arms, antennae 3
a: Dig, Shaft Self, Depart the Abyss, Bend Space, Banish, Corrupt, Renounce
Religion


You were on level 10 of the Dungeon.
You worshipped Lugonu.
Lugonu was greatly pleased with you.
You were not hungry.

You visited 1 branch of the dungeon, and saw 10 of its levels.
You visited the Abyss 1 time.

You collected 577 gold pieces.
You spent 116 gold pieces at shops.

Inventory:

Hand Weapons
 g - a +0 hand axe of venom (weapon)
 i - a +0 war axe of freezing
 D - the +6 dagger "Ogreslayer" {holy, +Rage rF- rC+ Str+2}
   (You found it on level 6 of the Dungeon)

   It has been blessed by the Shining One to cause great damage to the undead
   and demons.
   It affects your strength (+2).
   It makes you vulnerable to fire.
   It protects you from cold.
   It lets you go berserk.
 E - a +0 whip of flaming
Missiles
 j - 73 bolts
Armour
 a - a +0 pair of gloves (worn)
 m - a +0 pair of boots (worn)
 u - a cursed +0 scale mail (worn)
 w - a +0 cloak (worn)
 F - a +2 robe of fire resistance
 K - a +0 buckler (worn)
 N - a +0 troll leather armour
Jewellery
 d - a +6 ring of dexterity (left hand)
 y - an uncursed amulet of the acrobat {unknown}
 B - a +4 ring of slaying (right hand)
 I - an uncursed ring of positive energy {unknown}
Wands
 C - a wand of enslavement (11)
 H - a wand of digging (7)
Scrolls
 h - 7 scrolls of teleportation
 k - 7 scrolls of identify
 l - 2 scrolls of enchant weapon {unknown}
 o - 6 scrolls of amnesia {unknown}
 p - 6 scrolls of remove curse
 q - 3 scrolls of magic mapping {unknown}
 r - a scroll of noise {unknown}
 v - 5 scrolls of enchant armour {unknown}
 A - 4 scrolls of random uselessness {unknown}
 O - a scroll of fear
 P - a scroll of immolation
Potions
 b - a potion of invisibility {unknown}
 e - a potion of cancellation
 f - a potion of resistance {unknown}
 n - a potion of degeneration {unknown}
 s - 3 potions of stabbing {unknown}
 t - a potion of magic {unknown}
 x - a potion of heal wounds {unknown}
 z - 2 potions of brilliance {unknown}
 G - a potion of haste {unknown}
 J - a potion of lignification
 L - a potion of flight {unknown}
 M - a potion of curing
Miscellaneous
 R - a phial of floods
Comestibles
 c - 15 rations


   Skills:
 + Level 12.3 Fighting
 - Level 2.0 Axes
 + Level 5.9 Armour
 - Level 0.8 Dodging
 - Level 2.4 Shields
 + Level 13.0 Invocations
 + Level 1.7 Evocations


You had 10 spell levels left.
You didn't know any spells.
Your spell library was empty.

Dungeon Overview and Level Annotations

Branches:
Dungeon (10/15)              Lair (0/6) D:9
 Temple: D:4-7          Orc: D:9-12

Altars:
Ashenzari
Dithmenos
Fedhas
Hepliaklqana
Makhleb
Nemelex Xobeh
Okawaru
Qazlal
Ru
Sif Muna
Trog
Vehumet
Wu Jian
Xom
Yredelemnul
Zin

Shops:
D:5 [   D:10 ?

Annotations:
D:4 exclusion: statue
D:7 1 runed translucent door, Crazy Yiuf


Innate Abilities, Weirdness & Mutations

You cannot be hasted, slowed, berserked, paralysed or teleported.
You can dig through walls and to a lower floor.
Your four strong arms can wield two-handed weapons with a shield.
You have a pair of large antennae on your head. (SInv)


Message History

You barely miss the yak.
The yak is moderately wounded.
You hear a bellow!
The yak gores you.
* * * LOW HITPOINT WARNING * * *
You slash the yak!
The yak looks as sick as possible!
The yak is heavily wounded.
The yak gores you!
* * * LOW HITPOINT WARNING * * *
The yak barely misses you.
You slash the yak!
The yak looks as sick as possible!
The yak is almost dead.
The yak gores you!
* * * LOW HITPOINT WARNING * * *
You hit the yak.
You kill the yak!
Lugonu accepts your kill.
Your Invocations skill increases to level 13!
You completely miss the yak. The yak gores you!
You die...

#............##
..............##
..#............#
####.......÷...##
#............#
##...........##
##...........#
####.....∩...#
#@#........###
##Y#.####### ###..#
#..## ### ###...#####.#
##...........###
#..###.........###
..{..{.###.............
...{Y## ##......#####.


You could see a yak.

Vanquished Creatures
  Harold (D:9)
  Pikel (D:7)
  A troll (D:9)
  A hippogriff (D:9)
  A spriggan (D:7)
  13 yaks
  A wyvern (D:9)
  Menkaure (D:7)
  A water moccasin (D:7)
  2 sky beasts
  A black bear (D:5)
  2 phantoms
  3 ice beasts
  2 necrophages
  An ogre (D:5)
  3 centaurs
  A gnoll sergeant (D:9)
  5 bullfrogs
  A wyvern skeleton (D:9)
  A scorpion (D:5)
  4 howler monkeys
  5 crimson imps
  A quasit (D:8)
  A bullfrog skeleton (D:4)
  A centaur skeleton (D:4)
  A hound (D:6)
  3 orc priests (D:9)
  An orc wizard (D:6)
  5 iguanas
  8 worker ants
  9 gnolls
  9 adders
  3 shadow imps
  3 worms
  A dart slug (D:4)
  4 leopard geckos
  29 orcs
  7 giant cockroaches
  2 gnoll zombies (D:9)
  6 goblins
  5 hobgoblins
  6 jackals
  7 quokkas
  3 ball pythons
  5 bats
  3 frilled lizards
  11 kobolds
  A quokka skeleton (D:4)
  A quokka zombie (D:8)
  3 rats
191 creatures vanquished.

Vanquished Creatures (others)
  A wizard (D:9)
  Joseph (D:7)
  2 trolls
  A slave (D:7)
  An orc (D:7)
  A quokka skeleton (D:7)
7 creatures vanquished.

Grand Total: 198 creatures vanquished

Notes
Turn   | Place    | Note
-------+----------+-------------------------------------------
     0 | Abyss:1  | Nolbo the Formicid Abyssal Knight began the quest for the
                  | Orb.
     0 | Abyss:1  | Reached XP level 1. HP: 18/18 MP: 2/2
    53 | Abyss:1  | Noticed a vampire mage
    58 | Abyss:1  | Noticed a large abomination
    63 | Abyss:1  | Noticed a tentacled starspawn
    64 | D:1      | Escaped the Abyss
   480 | D:1      | Reached XP level 2. HP: 24/24 MP: 4/4
   752 | D:2      | Reached * piety under Lugonu
   797 | D:2      | Reached skill level 3 in Invocations
   898 | D:2      | Reached XP level 3. HP: 29/30 MP: 5/5
  1380 | D:2      | Found a burning altar of Makhleb.
  1458 | D:3      | Reached XP level 4. HP: 19/37 MP: 6/6
  1769 | D:3      | Reached ** piety under Lugonu
  2210 | D:2      | Reached skill level 4 in Invocations
  2883 | D:4      | Reached XP level 5. HP: 43/43 MP: 8/8
  2982 | D:4      | Reached skill level 5 in Fighting
  3328 | D:4      | Found a bloodstained altar of Trog.
  3428 | D:4      | Reached skill level 5 in Invocations
  3566 | D:4      | Reached XP level 6. HP: 48/51 MP: 9/9
  3754 | D:4      | Found a radiant altar of Vehumet.
  3816 | D:5      | Entered Level 5 of the Dungeon
  3865 | D:5      | Noticed an ogre
  3871 | D:5      | Killed an ogre
  3913 | D:5      | Reached skill level 6 in Invocations
  3913 | D:5      | Reached XP level 7. HP: 45/58 MP: 11/11
  3984 | D:5      | Found Paiboo's Antique Armour Boutique.
  4598 | D:5      | Reached skill level 7 in Invocations
  4964 | D:5      | Reached XP level 8. HP: 57/67 MP: 13/13
  5177 | D:6      | Reached skill level 8 in Invocations
  5375 | D:6      | Found a glowing silver altar of Zin.
  5421 | D:6      | Found a blossoming altar of Fedhas.
  5500 | D:6      | Reached *** piety under Lugonu
  5516 | D:6      | Got a twisted dagger
  5524 | D:6      | Gained mutation: Your body sometimes deteriorates upon
                  | taking damage. [potion of mutation]
  5524 | D:6      | Gained mutation: You have sharp toenails. [potion of
                  | mutation]
  5771 | D:6      | Lost mutation: Your body sometimes deteriorates upon taking
                  | damage. [potion of mutation]
  5771 | D:6      | Lost mutation: You have sharp toenails. [potion of
                  | mutation]
  5771 | D:6      | Gained mutation: You are weak. (Str -2) [potion of
                  | mutation]
  5771 | D:6      | Lost mutation: You are weak. (Str -2) [potion of mutation]
  5808 | D:6      | Noticed a troll
  5813 | D:6      | Banished a troll
  5815 | D:6      | Identified the +6 dagger "Ogreslayer" {holy, +Rage rF- rC+
                  | Str+2} (You found it on level 6 of the Dungeon)
  5997 | D:6      | Found a sacrificial altar of Ru.
  6137 | D:6      | Found an ornate altar of the Wu Jian Council.
  6208 | D:7      | Noticed Menkaure
  6216 | D:7      | Killed Menkaure
  6216 | D:7      | Reached skill level 9 in Invocations
  6490 | D:7      | Reached XP level 9. HP: 75/75 MP: 15/15
  6838 | D:7      | Found a shadowy altar of Dithmenos.
  6838 | D:7      | Noticed Pikel
  6838 | D:7      | Noticed Joseph
  6866 | D:7      | Killed Pikel
  6866 | D:7      | Reached skill level 10 in Invocations
  6875 | D:7      | Killed Joseph
  6875 | D:7      | Reached skill level 10 in Fighting
  7456 | D:7      | Reached skill level 11 in Invocations
  7456 | D:7      | Reached XP level 10. HP: 68/86 MP: 18/18
  7665 | D:7      | Found a runed translucent door.
  7666 | D:7      | Noticed Crazy Yiuf
  7844 | D:8      | Found a bloodstained altar of Trog.
  8456 | D:8      | Found a shimmering altar of Xom.
  9093 | D:9      | Found a stormy altar of Qazlal.
  9119 | D:9      | Found an iron altar of Okawaru.
  9121 | D:9      | Found a sparkling altar of Nemelex Xobeh.
  9121 | D:9      | Found a hazy altar of Hepliaklqana.
  9137 | D:9      | Found a shattered altar of Ashenzari.
  9138 | D:9      | Found a shimmering blue altar of Sif Muna.
  9184 | D:9      | Reached skill level 1 in Shields
  9997 | D:9      | Reached skill level 12 in Invocations
 10693 | D:9      | Reached XP level 11. HP: 82/95 MP: 20/20
 10777 | D:9      | Noticed Harold
 10796 | D:9      | Killed Harold
 10796 | D:9      | Reached skill level 5 in Armour
 11121 | D:9      | Found a basalt altar of Yredelemnul.
 11212 | D:9      | Reached **** piety under Lugonu
 11284 | D:9      | Found a bloodstained altar of Trog.
 11285 | D:9      | Noticed a wizard
 11290 | D:9      | Killed a wizard
 11333 | D:9      | Found a staircase to the Lair.
 11353 | D:10     | Entered Level 10 of the Dungeon
 11457 | D:10     | Found Xicwe's Magic Scroll Boutique.
 11507 | D:10     | Bought a scroll of identify for 26 gold pieces
 11507 | D:10     | Bought a scroll of fear for 45 gold pieces
 11507 | D:10     | Bought a scroll of immolation for 45 gold pieces
 11676 | D:10     | Reached skill level 1 in Evocations
 11699 | D:10     | HP: 2/95 [yak (11)]
 11700 | D:10     | Reached skill level 13 in Invocations
 11701 | D:10     | Mangled by a yak

Illustrated notes

Levels and vault maps discovered:
D:1:      heliophobic_arrival_dark_side_of_the_moon, layout_basic
D:2:      layout_basic, lemuel_coloured_pillars_altar, first_ration
D:3:      layout_rooms
D:4:      layout_loops_cross, vehumet_statue, minmay_temple_entry_poolview,
          trog_butcher_becter
D:5:      layout_basic, serial_shops, shop, minmay_circle_x
D:6:      layout_rooms, nicolae_overflow_crystal_walls,
          nicolae_ru_the_path_less_chosen, nicolae_overflow_hidden_temple,
          hangedman_decor_peaks_small, fedhas_altar_2
D:7:      layout_loops_cross, the_bakery, nicolae_dithmenos_shadow_blocks,
          uniq_pikel, uniq_crazy_yiuf_cottage, uniq_joseph, uniq_menkaure
D:8:      layout_basic, lightli_temple_of_fire, tgw_xom
D:9:      layout_rooms, lemuel_zombie_altar_yredelemnul,
          grunt_temple_overflow_open, trog_wizard, uniq_harold
D:10:     layout_cave_pods, minmay_orc_entry_temple_small, serial_shops, shop,
          basic_altar

Skill      XL: |  1  2  3  4  5  6  7  8  9 10 11 |
---------------+----------------------------------+-----
Invocations    | 3 4 5 6 7 9 11 12 13 | 13.0
Fighting       | 4 5 6 7 8 10 11 12 | 12.3
Shields        | 2 |  2.4
Armour         | 4 5 |  5.9
Evocations     | 1 |  1.7
Axes           | |  2.0
Dodging        | |  0.8

Action                   |  1- 3 |  4- 6 |  7- 9 | 10-12 || total
-------------------------+-------+-------+-------+-------++-------
Melee: Hand axe          |   110 |   155 |   290 |   281 ||   836
       Whip              |       |       |     4 |       ||     4
       Dagger            |       |       |     4 |       ||     4
Invok: Depart the Abyss  |     1 |       |       |       ||     1
       Banish            |       |       |     1 |     1 ||     2
 Abil: Dig               |       |     2 |     6 |     7 ||    15
  Use: Potion            |     2 |       |     3 |       ||     5
       Scroll            |       |       |     2 |     1 ||     3
  Eat: Chunk             |     2 |     8 |    12 |    15 ||    37
Armor: Leather armour    |    39 |    17 |       |       ||    56
       Skin              |    29 |       |       |       ||    29
       Ring mail         |       |    25 |   124 |    43 ||   192
       Chain mail        |       |       |       |    53 ||    53
       Scale mail        |       |       |       |    29 ||    29
Dodge: Dodged            |    83 |    91 |   133 |   114 ||   421
Block: Buckler           |       |       |       |    44 ||    44
